 Dungeon Crawl Stone Soup version 0.21-a0-531-gacddea6 (webtiles) character file.

741 slep the Chopper (level 7, -1/52 HPs)
             Began as a Demonspawn Gladiator on Dec 13, 2017.
             Killed from afar by an orc wizard (10 damage)
             ... with a puff of flame
             ... on level 4 of the Dungeon.
             The game lasted 00:14:04 (2971 turns).

slep the Chopper (Demonspawn Gladiator)             Turns: 2971, Time: 00:14:04

Health: -1/52      AC:  4    Str: 15    XL:     7   Next: 47%
Magic:  7/7        EV: 13    Int: 10    God:
Gold:   181        SH:  0    Dex: 15    Spells: 6/6 levels left

rFire    . . .     SeeInvis .   a - +0 war axe
rCold    . . .     Gourm    .   (no shield)
rNeg     . . .     Faith    .   b - +0 leather armour
rPois    .         Spirit   .   c - +0 helmet
rElec    .         Reflect  .   (no cloak)
rCorr    .         Harm     .   (no gloves)
MR       .....                  (no boots)
Stlth    +++.......             (no amulet)
HPRegen  0.17/turn              k - +5 ring of slaying
MPRegen  0.10/turn              y - ring of flight

@: no status effects
A: claws 2, nightstalker 1, powered by death 1
a: Evoke Flight


You were on level 4 of the Dungeon.
You were not hungry.

You visited 1 branch of the dungeon, and saw 4 of its levels.

You collected 181 gold pieces.

Inventory:

Hand Weapons
 a - a +0 war axe (weapon)
Missiles
 d - 3 throwing nets (quivered)
Armour
 b - a +0 leather armour (worn)
 c - a +0 helmet (worn)
Jewellery
 k - a +5 ring of slaying (left claw)
 y - a ring of flight (right claw)
Wands
 n - a wand of paralysis (13)
 z - a wand of clouds (6)
Scrolls
 g - a scroll of immolation {unknown}
 h - 2 scrolls of magic mapping {unknown}
 l - a scroll of random uselessness {unknown}
 q - a scroll of teleportation {unknown}
 t - a scroll of fog {unknown}
 v - a scroll of enchant weapon {unknown}
 w - a scroll of remove curse {unknown}
 B - a scroll of identify {unknown}
Potions
 e - a potion of magic {unknown}
 i - 3 potions of curing
 o - a potion of brilliance {unknown}
 p - a potion of haste {unknown}
 r - a potion of ambrosia {unknown}
 s - a potion of flight {unknown}
 x - a potion of cancellation {unknown}
Comestibles
 f - 3 bread rations
 j - 6 fruits
 m - a royal jelly
 u - 4 chunks of flesh
 A - a meat ration


   Skills:
 + Level 3.4 Fighting
 + Level 6.1 Axes
 + Level 1.8 Throwing
 + Level 2.4 Armour
 + Level 3.8 Dodging
 + Level 2.0 Stealth


You had 6 spell levels left.
You didn't know any spells.

Dungeon Overview and Level Annotations

Branches:
Dungeon (4/15)
 Temple: D:4-7

Altars:
Dithmenos
Uskayaw

Shops:
D:4 %


Innate Abilities, Weirdness & Mutations

You have very sharp fingernails.
You are slightly more attuned to the shadows.
You regenerate a little health from kills.


Message History

You miss the orc wizard. You barely miss the orc wizard.
The orc wizard gestures at you while chanting.
The magic dart hits you! The orc wizard barely misses you.
The orc priest hits you with a club. The orc hits you.
You slash the orc priest!
The orc priest is severely wounded.
You hit the orc but do no damage. You barely miss the orc wizard.
You hit the orc wizard. The orc wizard hits you with a dagger.
The orc wizard hits you but does no damage.
The orc wizard closely misses you.
The orc priest mumbles some strange prayers to Beogh against you.
Beogh smites you!
* * * LOW HITPOINT WARNING * * *
The orc hits you but does no damage. The orc wizard barely misses you.
You hit the orc priest but do no damage.
The orc priest is severely wounded.
You closely miss the orc wizard. You hit the orc wizard. You hit the orc.
The orc wizard gestures at you while chanting.
The puff of flame hits you!
You die...

#...# #...# ...........
#...# .......... ##'##
.........##########...#
.........#............#
.........#............#
.....ooo.#............#
.....o@..#..)....######
.........#....<..#.....
.........###'#####.....
.......................
#########..............
#..............
#..............
#..............
##########.....


You could see an orc priest, 2 orc wizards and an orc.

Vanquished Creatures
  An ogre (D:4)
  A phantom (D:4)
  A scorpion (D:4)
  A howler monkey (D:4)
  A hound (D:4)
  2 orc priests (D:3)
  3 orc wizards (D:4)
  A bullfrog skeleton (D:4)
  Terence (D:2)
  2 worker ants (D:4)
  A hound skeleton (D:4)
  Robin (D:2)
  5 adders
  2 worms (D:2)
  5 dart slugs (D:1)
  A leopard gecko (D:1)
  17 orcs
  5 giant cockroaches
  21 goblins
  7 hobgoblins
  2 quokkas
  2 ball pythons
  10 bats
  5 frilled lizards
  15 kobolds
  9 rats
122 creatures vanquished.

Notes
Turn   | Place    | Note
-------+----------+-------------------------------------------
     0 | D:1      | slep the Demonspawn Gladiator began the quest for the Orb.
     0 | D:1      | Reached XP level 1. HP: 16/16 MP: 1/1
    37 | D:1      | Reached skill level 3 in Axes
    57 | D:1      | Gained mutation: You regenerate a little health from kills. [demonic ancestry]
    57 | D:1      | Reached XP level 2. HP: 22/22 MP: 2/2
   304 | D:1      | Gained mutation: You are slightly more attuned to the shadows. [demonic ancestry]
   304 | D:1      | Reached XP level 3. HP: 27/27 MP: 3/3
   768 | D:2      | Noticed Robin
   785 | D:2      | Killed Robin
   789 | D:2      | Gained mutation: You have sharp fingernails. [demonic ancestry]
   789 | D:2      | Reached XP level 4. HP: 31/34 MP: 4/4
   799 | D:2      | Found a shadowy altar of Dithmenos.
   873 | D:2      | Reached skill level 4 in Axes
  1030 | D:2      | Noticed Terence
  1077 | D:3      | Gained mutation: You have very sharp fingernails. [demonic ancestry]
  1077 | D:3      | Reached XP level 5. HP: 34/39 MP: 5/5
  1219 | D:3      | Reached skill level 1 in Armour
  1230 | D:3      | Reached skill level 1 in Stealth
  1737 | D:2      | Killed Terence
  1979 | D:4      | Found a hide-covered altar of Uskayaw.
  2060 | D:4      | Reached XP level 6. HP: 35/46 MP: 6/6
  2172 | D:4      | Reached skill level 5 in Axes
  2180 | D:4      | Found Kenexzewn's Food Shop.
  2218 | D:4      | HP: 2/47 [poisoned by a scorpion]
  2226 | D:4      | HP: 1/47 [poisoned by a scorpion]
  2526 | D:4      | Reached XP level 7. HP: 8/52 MP: 7/7
  2532 | D:4      | HP: 2/52 [poisoned by a worker ant]
  2616 | D:4      | Reached skill level 6 in Axes
  2971 | D:4      | Killed from afar by an orc wizard

Vault maps used:
D:1:      saegor_arrival_under_anarchy, amethyst_killhole
D:2:      first_bread, nicolae_dithmenos_shadow_blocks, uniq_terence, uniq_robin
D:4:      overflow_temple_1_default, serial_shops, nicolae_shop_trees

Skill      XL: |  1  2  3  4  5  6  7 |
---------------+----------------------+-----
Axes           | 3 4 5 6 |  6.1
Dodging        | 3 |  3.8
Armour         | 1 2 |  2.4
Stealth        | 1 2 |  2.0
Fighting       | 3 |  3.4
Throwing       | |  1.8

Action                   |  1- 3 |  4- 6 |  7- 9 || total
-------------------------+-------+-------+-------++-------
Melee: War axe           |    97 |   144 |    41 ||   282
  Use: Potion            |       |     1 |     1 ||     2
 Stab: Sleeping          |     4 |     9 |       ||    13
       Distracted        |       |       |     1 ||     1
  Eat: Chunk             |       |     6 |     1 ||     7
Armor: Leather armour    |    35 |    30 |    10 ||    75
Dodge: Dodged            |   128 |   113 |    22 ||   263

Table legend:
 A = Spawn XP
 B = Non-spawn XP
 C = Spawn XP percentage of total XP
 D = Spawn monster count
 E = Non-spawn monster count
 F = Spawn count percentage of total count
 G = Total turns spent on level
                    A         B        C        D         E        F      G
               +---------+---------+-------+---------+---------+-------+---------
         Total |       0 |    1059 |   0.0 |       0 |     122 |   0.0 |  2971
               +---------+---------+-------+---------+---------+-------+---------
           D:1 |       0 |      58 |   0.0 |       0 |      31 |   0.0 |   768
           D:2 |       0 |     152 |   0.0 |       0 |      36 |   0.0 |   530
           D:3 |       0 |     154 |   0.0 |       0 |      28 |   0.0 |   681
           D:4 |       0 |     695 |   0.0 |       0 |      27 |   0.0 |   992
               +---------+---------+-------+---------+---------+-------+---------
